 Dungeon Crawl Stone Soup version 0.25.1-8-g42b30a86e7 (webtiles) character file.

Game seed: 17724811344776091215

64 Gabide the Skirmisher (level 4, 0/35 HPs)
             Began as a Human Abyssal Knight on Nov 30, 2020.
             Was a Follower of Lugonu.
             Killed by nerve-wracking pain
             ... invoked by a shadow imp
              (9 damage)
             ... on level 2 of the Dungeon.
             The game lasted 00:02:00 (1542 turns).

Gabide the Skirmisher (Human Abyssal Knight)        Turns: 1542, Time: 00:02:00

Health: 0/35       AC:  3    Str: 12    XL:     4   Next: 32%
Magic:  5/5        EV: 12    Int: 13    God:    Lugonu [*.....]
Gold:   81         SH:  0    Dex: 13    Spells: 3/3 levels left

rFire    . . .     SeeInvis .   a - +1 spear
rCold    . . .     Gourm    .   (no shield)
rNeg     . . .     Faith    .   b - +0 leather armour
rPois    .         Spirit   .   (no helmet)
rElec    .         Reflect  .   (no cloak)
rCorr    .         Harm     .   (no gloves)
MR       .....                  (no boots)
Stlth    +.........             (no amulet)
HPRegen  0.11/turn              (no ring)
MPRegen  0.09/turn              (no ring)

@: no status effects
A: no striking features
a: Depart the Abyss, Renounce Religion


You were on level 2 of the Dungeon.
You worshipped Lugonu.
Lugonu was aware of your devotion.
You were not hungry.

You visited 1 branch of the dungeon, and saw 2 of its levels.
You visited the Abyss 1 time.

You collected 81 gold pieces.

Inventory:

Hand Weapons
 a - a +1 spear (weapon)
Armour
 b - a +0 leather armour (worn)
Jewellery
 h - a +6 ring of dexterity {unknown}
 m - a +4 ring of protection {unknown}
Potions
 d - a potion of haste {unknown}
 e - a potion of invisibility {unknown}
 f - a potion of heal wounds {unknown}
 g - a potion of degeneration {unknown}
 i - a potion of resistance {unknown}
 j - a potion of flight {unknown}
 l - a potion of mutation {unknown}
Comestibles
 c - 3 rations
 k - 5 chunks of flesh


   Skills:
 + Level 3.3 Fighting
 * Level 3.1 Polearms
 + Level 2.1 Armour
 * Level 2.0 Dodging
 + Level 0.5 Stealth
 + Level 2.1 Invocations


You had 3 spell levels left.
You didn't know any spells.
Your spell library was empty.

Dungeon Overview and Level Annotations

Branches:
Dungeon (2/15)

Altars:


Message History

The shadow imp is heavily wounded.
The shadow imp hits you.
* * * LOW HITPOINT WARNING * * *
You hit the shadow imp but do no damage.
The shadow imp is heavily wounded.
The shadow imp barely misses you.
You barely miss the shadow imp.
The shadow imp is heavily wounded.
The shadow imp barely misses you.
You closely miss the shadow imp.
The shadow imp is heavily wounded.
You closely miss the shadow imp.
The shadow imp is heavily wounded.
The shadow imp hits you but does no damage.
You hit the shadow imp.
The shadow imp is almost dead.
The shadow imp laughs crazily.
The shadow imp gestures at you. Pain shoots through your body!
You die...

......... # #.......
#........ ##. #.#....#
.#.g##.#....##.. #.
...#....†.[..... #.
#......g.......
###.#####....##5#!####.
##.....#......##@#.#
#................(.#
................####
................#
................#
................####
..÷..................
<...>..........######
#.............##


You could see a shadow imp and a hobgoblin.

Vanquished Creatures
  An adder (D:2)
  An ooze (D:1)
  2 worms (D:2)
  A leopard gecko (D:1)
  5 bats (D:1)
  A giant cockroach (D:1)
  6 hobgoblins
  4 jackals (D:1)
  A quokka (D:2)
  A ball python (D:2)
  2 frilled lizards
  7 goblins (D:1)
  4 kobolds (D:1)
  5 rats (D:1)
41 creatures vanquished.

Vanquished Creatures (others)
  A hobgoblin (D:2)
  A frilled lizard (D:2)
2 creatures vanquished.

Grand Total: 43 creatures vanquished

Notes
Turn   | Place    | Note
-------+----------+-------------------------------------------
     0 | Abyss:1  | Gabide the Human Abyssal Knight began the quest for the
                  | Orb.
     0 | Abyss:1  | Reached XP level 1. HP: 18/18 MP: 2/2
    27 | Abyss:1  | Noticed an orange demon
    27 | Abyss:1  | Noticed a raiju
    28 | D:1      | Escaped the Abyss
   205 | D:1      | Reached * piety under Lugonu
   205 | D:1      | Reached XP level 2. HP: 16/24 MP: 3/3
   454 | D:1      | Reached XP level 3. HP: 16/29 MP: 4/4
  1423 | D:2      | Reached XP level 4. HP: 35/35 MP: 5/5
  1542 | D:2      | Killed from afar by a shadow imp

Illustrated notes

Levels and vault maps discovered:
D:1:      dpeg_arrival_subterranean_lakeside_camping, layout_basic,
          serial_forest, infiniplex_forest_lined_3_way,
          infiniplex_forest_lined_2, infiniplex_forest_lined_3_way,
          infiniplex_forest_clump_double, infiniplex_forest_clump_tiny,
          infiniplex_forest_straight_3, minmay_pentomino_o2
D:2:      layout_rooms, elyvilon_altar_4

Skill      XL: |  1  2  3  4 |
---------------+-------------+-----
Polearms       | 3 |  3.1
Dodging        | 2 |  2.0
Fighting       | |  3.3
Armour         | |  2.1
Stealth        | |  0.5
Invocations    | |  2.1

Action                   |  1- 3 |  4- 6 || total
-------------------------+-------+-------++-------
Melee: Spear             |   114 |    44 ||   158
Invok: Depart the Abyss  |     1 |       ||     1
  Use: Scroll            |     2 |       ||     2
 Stab: Sleeping          |     2 |       ||     2
  Eat: Chunk             |     2 |       ||     2
Armor: Leather armour    |    26 |     5 ||    31
Dodge: Dodged            |    51 |    27 ||    78
